 Dungeon Crawl Stone Soup version 0.17.0-23-g0de4337 (console) character file.

3610 jw the Covert (level 10, 0/68 HPs)
             Began as an Octopode Berserker on Nov 15, 2015.
             Was a Priest of Trog.
             Slain by a yak (7 damage)
             ... on level 9 of the Dungeon.
             The game lasted 00:24:47 (9946 turns).

jw the Covert (Octopode Berserker)                  Turns: 9946, Time: 00:24:47

Health: 0/68       AC:  3    Str: 16    XL:     10   Next: 11%
Magic:  10/10      EV: 16    Int:  9    God:    Trog [***...]
Gold:   418        SH:  6    Dex: 16    Spells: 0 memorised, 9 levels left

rFire  . . .     SeeInvis .     b - +0 rapier
rCold  . . .     Clarity  .     c - +1 buckler
rNeg   . . .     SustAt   .     o - +2 hat
rPois  .         Gourm    .     (no amulet)
rElec  .         Spirit   .     i - ring of loudness (curse)
rCorr  .         Warding  .     (no ring)
rMut   .         Stasis   .     (no ring)
MR     ++...                    (no ring)
Stlth  ++++++....               (no ring)
                                (no ring)
                                (no ring)
                                (no ring)

@: lethally poisoned (0 -> 0), very slightly contaminated, regenerating, hasted,
very quick, very resistant to hostile enchantments, very stealthy
A: almost no armour, amphibious, 8 rings, constrict 8, camouflage 1, gelatinous
body 1
a: Berserk, Trog's Hand, Burn Spellbooks, Renounce Religion


You were on level 9 of the Dungeon.
You worshipped Trog.
Trog was most pleased with you.
You were near starving.

You visited 1 branch of the dungeon, and saw 9 of its levels.

You collected 418 gold pieces.

Inventory:

Hand Weapons
 b - a +0 rapier (weapon)
Missiles
 e - 206 stones
 n - 6 javelins (quivered)
 r - 3 tomahawks of returning
 s - 5 poisoned needles
Armour
 c - a +1 buckler (worn)
 o - a +2 hat (worn)
Jewellery
 i - a cursed ring of loudness (left tentacle)
Wands
 h - a wand of digging (10)
 p - a wand of confusion (18)
 t - a wand of frost (9)
 v - a wand of paralysis (14)
 x - a wand of hasting (0)
Scrolls
 f - 2 scrolls of magic mapping
 j - 3 scrolls of remove curse
 m - 8 scrolls of identify
Potions
 k - a potion of invisibility
Comestibles
 a - 4 fruits
 d - 2 beef jerkies
 l - 3 bread rations
 q - a slice of pizza


   Skills:
 + Level 5.9 Fighting
 * Level 8.0 Short Blades
 + Level 4.6 Throwing
 + Level 5.9 Dodging
 * Level 9.8 Stealth
 + Level 4.3 Shields


You had 9 spell levels left.
You didn't know any spells.

Dungeon Overview and Level Annotations

Branches:
Dungeon (9/15)             Temple (0/1) D:5
   Lair: D:8-11         Orc: D:9-12

Altars:
Ashenzari
Dithmenos
Gozag
Makhleb
Nemelex Xobeh
Qazlal
Sif Muna
Trog
Vehumet
Zin

Shops:
D:8 *?

Annotations:
D:9 Prince Ribbit


Innate Abilities, Weirdness & Mutations

You cannot wear most types of armour.
You are amphibious.
You can wear up to eight rings at the same time.
You can use your tentacles to constrict eight enemies at once.
Your skin changes colour to match your surroundings (Stealth).
Your rubbery body absorbs attacks (AC +1).


Message History

You are poisoned.
The worker ant poisons you!
MOVING TO (0,1)
You feel sick.
MOVING TO (-1,0)
The worker ant bites you but does no damage.
MOVING TO (0,1) MOVING TO (-1,0)
You feel sick.
MOVING TO (0,1)
You block the yak's attack.
MOVING TO (-1,0)
The worker ant closely misses you.
MOVING TO (0,1)
You feel sick.
MOVING TO (-1,0)
You block the worker ant's attack.
MOVING TO (0,1)
The yak gores you!
You die...

#### ######....######
### #)PP# #......#
#PP:# PP¤¤# #..~~..#
#~~PP# P¤¤¤~# #.~~~~.#
##¤~~~P
¤~¤~~###.~##~.###¤~~~~#
#¤¤~~~#..~##~YY#~¤¤¤~#
.# .
#~~~~...~##~aYo~¤¤¤#
...### .
##¤~...~~##~~YoY¤¤##
...... .#
##...~~####x~Y.¤##
...... .#####...~~##
##~~...#####......
.#......~~##
##~~......#......
....~~~~~##
##~~~~~Y........
...~~#####
#####~~¤.......
...~~#####
#####~~YO......
....~~~~~##
#~~~~~Y).......
.#......~~##
#~~....h.#......
.#####...~~##
#~~...#####......


You could see 6 yaks, an orc warrior, a worker ant and an orc.

Table legend:
 A = Turns spent in this place as a percentage of turns spent in the entire game.
 B = Non-inter-level travel turns spent in this place as a percentage of non-inter-level travel turns spent in the entire game.
 C = Inter-level travel turns spent in this place as a percentage of turns spent in this place.
 D = Turns resting spent in this place as a percentage of non-inter-level travel turns spent in this place.
 E = Turns spent auto-exploring this place as a percentage of non-inter-level travel turns spent in this place.
 F = Non-inter-level travel turns spent in this place divided by the number of levels of this place that you've seen.
                   A       B       C       D       E      F
               +-------+-------+-------+-------+-------+----------------------
         Total | 100.0 | 100.0 |   0.5 |   0.8 |   2.6 | 1313.1
       Dungeon | 100.0 | 100.0 |   0.5 |   0.8 |   2.6 | 1313.1
               +-------+-------+-------+-------+-------+----------------------

Table legend:
 A = Kills in this place as a percentage of kills in entire the game.
 B = Kills by you in this place as a percentage of kills by you in the entire game.
 C = Kills by friends in this place as a percentage of kills by friends in the entire game.
 D = Other kills in this place as a percentage of other kills in the entire game.
 E = Experience gained in this place as a percentage of experience gained in the entire game.
 F = Experience gained in this place divided by the number of levels of this place that you have seen.
                   A       B       C       D       E      F
               +-------+-------+-------+-------+-------+----------------------
         Total | 100.0 | 100.0 | 100.0 |  -nan | 100.0 | 573.1
       Dungeon | 100.0 | 100.0 | 100.0 |  -nan | 100.0 | 573.1
               +-------+-------+-------+-------+-------+----------------------

Vanquished Creatures
  Pikel (D:5)
  The ghost of jw the Sneak, a novice OpBe of Trog (D:5)
  Sigmund (D:3)
  A hungry ghost (D:8)
  Menkaure (D:5)
  A water moccasin (D:6)
  2 ice beasts (D:7)
  An orc warrior (D:6)
  2 ogres
  A slave (D:5)
  5 centaurs
  4 giant frogs
  A scorpion (D:8)
  2 giant frog zombies
  A centaur zombie (D:6)
  2 orc priests
  3 crimson imps
  A jelly (D:7)
  Ijyb (D:3)
  An iguana (D:8)
  4 hounds
  2 centaur skeletons
  A giant frog skeleton (D:5)
  9 worker ants
  An orc wizard (D:4)
  A killer bee zombie (D:8)
  2 hound skeletons
  Robin (D:3)
  12 adders
  4 shadow imps
  An ooze (D:1)
  4 worms
  3 giant geckos
  27 orcs
  11 hobgoblins
  9 kobolds
  7 quokkas
  6 bats
  8 giant cockroaches
  A giant gecko skeleton (D:7)
  5 giant newts
  12 goblins
  9 jackals
  A jackal skeleton (D:8)
  A jackal zombie (D:5)
  A quokka skeleton (D:8)
  4 rats
  A plant (D:1)
181 creatures vanquished.

Vanquished Creatures (collateral kills)
  An orc (D:9)
1 creature vanquished.

Vanquished Creatures (others)
  A slave (D:5)
  An ogre (D:5)
  An orc priest (D:5)
  3 orcs (D:5)
6 creatures vanquished.

Grand Total: 188 creatures vanquished

Notes
Turn   | Place    | Note
--------------------------------------------------------------
     0 | D:1      | jw the Octopode Berserker began the quest for the Orb.
     0 | D:1      | Reached XP level 1. HP: 16/16 MP: 1/1
   200 | D:1      | Reached skill level 1 in Stealth
   264 | D:1      | Reached XP level 2. HP: 21/21 MP: 2/2
  1185 | D:2      | Found a faded altar to an unknown god.
  1206 | D:2      | Reached skill level 1 in Throwing
  1206 | D:2      | Reached XP level 3. HP: 12/26 MP: 3/3
  1471 | D:2      | Found a stormy altar of Qazlal.
  2245 | D:2      | Reached ** piety under Trog
  2384 | D:2      | Found a radiant altar of Vehumet.
  2385 | D:2      | Found a burning altar of Makhleb.
  2854 | D:3      | Reached XP level 4. HP: 31/31 MP: 4/4
  2872 | D:3      | Noticed Robin
  2874 | D:3      | HP: 1/31 [hobgoblin/dagger[Robin] (3)]
  2877 | D:3      | Noticed Ijyb
  2877 | D:3      | Noticed Sigmund
  2879 | D:3      | Killed Ijyb
  2886 | D:3      | Killed Sigmund
  2886 | D:3      | Reached skill level 4 in Short Blades
  2886 | D:3      | Reached XP level 5. HP: 10/37 MP: 5/5
  2886 | D:3      | Reached XP level 6. HP: 11/43 MP: 6/6
  3552 | D:3      | Killed Robin
  3839 | D:3      | Found a sparkling altar of Nemelex Xobeh.
  4028 | D:3      | Found a bloodstained altar of Trog.
  4217 | D:4      | Reached *** piety under Trog
  4252 | D:4      | Reached skill level 5 in Stealth
  4306 | D:4      | Reached XP level 7. HP: 48/48 MP: 7/7
  4325 | D:4      | Reached skill level 1 in Shields
  5106 | D:5      | Entered Level 5 of the Dungeon
  5119 | D:5      | Reached skill level 5 in Short Blades
  5125 | D:5      | Noticed Pikel
  5302 | D:5      | Killed Pikel
  5302 | D:5      | Reached skill level 6 in Stealth
  5302 | D:5      | Reached XP level 8. HP: 54/54 MP: 8/8
  5343 | D:5      | Reached skill level 7 in Stealth
  5526 | D:5      | Found a glowing silver altar of Zin.
  5639 | D:5      | Found a staircase to the Ecumenical Temple.
  5727 | D:5      | Noticed Menkaure
  5736 | D:5      | Killed Menkaure
  5922 | D:5      | Found a deep blue altar of Sif Muna.
  6127 | D:5      | Found a shattered altar of Ashenzari.
  6224 | D:5      | Noticed jw's ghost (novice OpBe)
  6242 | D:5      | Killed jw's ghost
  6242 | D:5      | Reached skill level 5 in Fighting
  6242 | D:5      | Reached skill level 5 in Dodging
  6242 | D:5      | Reached skill level 8 in Stealth
  6242 | D:5      | Reached XP level 9. HP: 52/61 MP: 9/9
  7120 | D:6      | Reached **** piety under Trog
  7777 | D:7      | Reached skill level 9 in Stealth
  8895 | D:8      | Found Sevukewn's Magic Scroll Shop.
  8975 | D:8      | Found Gozag's Platinum Reserve.
  8979 | D:8      | Found an opulent altar of Gozag.
  9270 | D:8      | Found a shadowy altar of Dithmenos.
  9282 | D:8      | Reached XP level 10. HP: 68/68 MP: 10/10
  9844 | D:9      | Noticed Prince Ribbit
  9924 | D:9      | HP: 2/68 [yak (15)]
  9937 | D:9      | HP: 2/68 [worker ant (5)]
  9946 | D:9      | Slain by a yak

Action                   |  1- 3 |  4- 6 |  7- 9 | 10-12 || total
-------------------------+-------+-------+-------+-------++-------
Melee: Short sword       |    59 |    75 |       |       ||   134
       Dagger            |       |     3 |   154 |       ||   157
       Rapier            |       |       |    36 |    23 ||    59
Throw: Tomahawk          |    32 |    11 |     5 |       ||    48
       Stone             |    30 |    39 |    59 |       ||   128
       Javelin           |       |       |    27 |     9 ||    36
Invok: Berserk           |     1 |       |     3 |       ||     4
       Trog's Hand       |       |     2 |     2 |     2 ||     6
       Brothers in Arms  |       |       |       |     2 ||     2
Evoke: Wand              |       |       |       |     6 ||     6
  Use: Scroll            |     6 |     2 |     2 |     2 ||    12
       Potion            |    10 |       |     2 |     2 ||    14
 Stab: Sleeping          |     7 |     7 |    28 |     1 ||    43
       Distracted        |       |       |     1 |       ||     1
  Eat: Chunk             |     6 |     6 |    13 |     2 ||    27
       Meat ration       |       |       |     1 |       ||     1
       Fruit             |       |       |       |     1 ||     1

Vault maps used:
D:1:      ncdulo_smallfort, serial_forest, infiniplex_forest_clump_tiny,
          infiniplex_forest_corner_1, infiniplex_forest_clump_medium,
          infiniplex_forest_clump_medium, infiniplex_forest_zigzag_2,
          infiniplex_forest_clump_diagonal
D:2:      minitemple, nicolae_overflow_crystal_walls, ecumenical_altar_1
D:3:      nemelex_xobeh_ov_fountains_minmay, lightli_temple_of_fire, uniq_robin,
          uniq_iyjb, uniq_sigmund
D:5:      kennysheep_mini, lemuel_doored_altar, lemuel_round_altar,
          minmay_temple_entry_mist, first_bread, uniq_pikel, uniq_menkaure
D:7:      nicolae_overflow_hidden_temple
D:8:      nicolae_dithmenos_shadow_blocks, nicolae_gozag_zags_fifth_avenue,
          serial_shops, nicolae_shop_statue_plus
D:9:      minmay_weird_star, basic_altar, hangedman_tell_no_tales,
          uniq_prince_ribbit1
